 Dungeon Crawl Stone Soup version 0.30-a0-924-g0ad0bf95bc (webtiles) character file.

Game seed: 9681173591418031942

9663 sanka the Fighter (level 11, -1/90 HPs)
             Began as a Demonspawn Cinder Acolyte on Mar 23, 2023.
             Was a High Priest of Ignis.
             Slain by a skeletal warrior
             ... wielding a +0 flail
              (3 damage)
             ... on level 10 of the Dungeon.
             The game lasted 00:20:26 (11115 turns).

sanka the Fighter (Demonspawn Cinder Acolyte)      Turns: 11115, Time: 00:20:27

Health: -1/90      AC: 14    Str: 15    XL:     11   Next: 26%
Magic:  7/15       EV: 16    Int: 16    God:    Ignis [*****.]
Gold:   1645       SH:  4    Dex: 12    Spells: 14/16 levels left

rFire   + . .      SeeInvis +    a - +1 dagger (elec)
rCold   + + +      Faith    .    (no shield)
rNeg    + . .      Spirit   .    y - +2 animal skin
rPois   +          Reflect  .    C - +2 helmet
rElec   .          Rampage  .    E - +0 cloak
rCorr   .                        i - +0 pair of gloves
Will    .....                    j - +0 pair of boots Stlth
                                 (no amulet)
HPRegen 0.35/turn                L - ring of see invisible
MPRegen 0.14/turn                f - ring of Vifuipy {Fly rPois rC+++ rN+ Stlth-}

@: flying
A: icemail 1, spiny 1, condensation shield, demonic touch 2
a: Renounce Religion, Fiery Armour, Foxfire Swarm, Rising Flame


You were on level 10 of the Dungeon.
You worshipped Ignis.
Ignis was extremely pleased with you.
You visited 1 branch of the dungeon, and saw 11 of its levels.

You collected 1645 gold pieces.


Innate Abilities, Weirdness & Mutations

A meltable icy envelope protects you from harm. (AC +4)
You are partially covered in sharp spines.
A meltable shield of frost defends you. (SH +4)
Your touch may inflict irresistible damage on your foes.


   Skills:
 - Level 10.0 Fighting
 + Level 7.3 Short Blades
 - Level 2.6 Maces & Flails
 - Level 10.0 Dodging
 - Level 3.0 Spellcasting
 - Level 6.0 Fire Magic


You had 14 spell levels left.
You knew the following spells:

 Your Spells              Type           Power      Damage    Failure   Level
y - Scorch                Fire           42%        2d7       2%          2

Your spell library contained the following spells:

 Spells                   Type           Power      Damage    Failure   Level
 Foxfire                  Conj/Fire      48%        2x1d6     5%          1
 Inner Flame              Hex/Fire       12%        N/A       16%         3
 Beastly Appendage        Tmut           4%         N/A       19%         1
 Wereblood                Tmut           2%         N/A       28%         2
 Flame Wave               Conj/Fire      12%        2d6       47%         4
 Sticky Flame             Conj/Fire      12%        2d4       47%         4
 Spider Form              Tmut/Pois      2%         N/A       50%         3
 Summon Guardian Golem    Hex/Summ       2%         N/A       50%         3
 Plasma Beam              Fire/Air       6%         2x1d18    83%         5
 Airstrike                Air            1%         2d(1-17)  88%         4
 Animate Dead             Necr           2%         N/A       88%         4
 Cause Fear               Hex            1%         N/A       88%         4
 Summon Lightning Spire   Summ/Air       2%         N/A       88%         4
 Borgnjor's Vile Clutch   Necr/Erth      1%         N/A       99%         5
 Death Channel            Necr           1%         N/A       100%        6
 Orb of Destruction       Conj           1%         9d5       100%        7
 Spellforged Servitor     Conj/Summ      1%         N/A       100%        7
 Discord                  Hex            1%         N/A       100%        8
 Ignition                 Fire           10%        3d5       100%        8

Inventory:

Hand Weapons
 a - a +1 dagger of electrocution (weapon)
 b - the +8 war axe of Premature Burial {heavy, rElec rF+ Str-2 Dex+3}

   Str:       It affects your strength (-2).
   Dex:       It affects your dexterity (+3).
   rF:        It protects you from fire.
   rElec:     It insulates you from electricity.
 n - a +1 great sword of flaming
 r - a -1 mace of flaming
 O - a +2 war axe of flaming
Missiles
 q - 6 curare-tipped darts {=f}
 N - 6 throwing nets {=f}
Armour
 i - a +0 pair of gloves (worn)
 j - a +0 pair of boots (worn)
 y - a +2 animal skin (worn)
 C - a +2 helmet (worn)
 E - a +0 cloak (worn)
Magical Staves
 J - a staff of air
Jewellery
 f - the ring of Vifuipy (right hand) {Fly rPois rC+++ rN+ Stlth-}

   [ring of positive energy]

   rC:        It renders you almost immune to cold.
   rPois:     It protects you from poison.
   rN:        It protects you from negative energy.
   Fly:       It grants you flight.
   Stlth:     It makes you less stealthy.
 L - a ring of see invisible (left hand)
 R - a ring of poison resistance
Wands
 x - a wand of flame (16)
 H - a wand of mindburst (24)
 I - a wand of light (5)
 Q - a wand of digging (7)
Scrolls
 c - 4 scrolls of noise {!r}
 d - 5 scrolls of vulnerability {!r}
 k - 2 scrolls of immolation {!r}
 m - a scroll of fear
 s - 2 scrolls of enchant weapon
 v - a scroll of magic mapping
 w - a scroll of teleportation {@r4}
 z - a scroll of fog
 A - a scroll of silence {unknown}
 B - a scroll of amnesia
 M - a scroll of brand weapon
Potions
 e - 2 potions of lignification {unknown}
 g - 6 potions of curing {@q1}
 h - 3 potions of brilliance {unknown}
 l - 2 potions of cancellation {unknown}
 o - a potion of ambrosia {unknown}
 p - a potion of resistance {unknown}
 t - 3 potions of attraction {unknown}
 u - 2 potions of heal wounds {unknown}
 D - a potion of flight {unknown}
 F - a potion of degeneration {unknown}
 G - a potion of experience {unknown}
 K - 2 potions of might {unknown}

Dungeon Overview and Level Annotations

Branches:
Dungeon (11/15)            Temple (0/1) D:7            Lair (0/5) D:10
    Orc (0/2) D:10

Altars:
Vehumet

Shops:
D:4 [   D:10 (

Annotations:
D:7 2 transporters
D:10 3 runed translucent doors, PigKeeper's ghost, journeyman TeFE

▒▒▒...........▒▒.▒ ▒▒▒▒'▒▒▒
▒...........▒▒.▒ ▒..▒▒
▒▒▒...........▒..▒ ▒▒.).
......∩.>.....▒.▒▒ ▒▒▒▒▒▒▒▒
▒▒............▒'▒▒▒▒▒ ▒.......
▒▒+.................▒ ▒.......
..................[.▒▒▒▒ ▒.......
..<.▒▒▒▒▒.........).)..▒▒▒.......
....▒▒▒▒▒...>...6.).▒▒..▒▒.......
....'...+.......z...▒▒▒.▒▒.......
....▒▒▒▒▒...........▒ ▒..▒.......
....▒ ▒...........▒ ▒▒.▒.......
▒▒▒▒▒ ▒...........▒ ▒.........
▒▒▒▒▒▒▒▒▒▒'▒▒ ▒▒▒....... ▒.▒
▒▒▒▒▒▒▒▒ ▒.▒ ▒▒▒.) ▒.▒ ▒.)†▒


You could see a skeletal warrior (combustible).


Message History

The skeletal warrior is heavily damaged.
You hit the skeletal warrior but do no damage.
You touch the skeletal warrior.
The skeletal warrior is heavily damaged.
The skeletal warrior is struck by your spines.
The skeletal warrior misses you.
You barely miss the skeletal warrior.
You touch the skeletal warrior!
The skeletal warrior is severely damaged.
The skeletal warrior hits you with a +0 flail!
* * * LOW HITPOINT WARNING * * *
You hit the skeletal warrior but do no damage.
The skeletal warrior is severely damaged.
You hit the skeletal warrior but do no damage.
The skeletal warrior is severely damaged.
The skeletal warrior hits you with a +0 flail!
* * * LOW HITPOINT WARNING * * *
Flames lash the skeletal warrior.
The skeletal warrior is almost destroyed.
The skeletal warrior's fire resistance burns away.
The skeletal warrior hits you with a +0 flail.
* * * LOW HITPOINT WARNING * * *
Flames lash the skeletal warrior but do no damage.
The skeletal warrior hits you with a +0 flail!
* * * LOW HITPOINT WARNING * * *
Flames lash the skeletal warrior.
The skeletal warrior is burned terribly!
The skeletal warrior is almost destroyed.
The skeletal warrior hits you with a +0 flail.
You die...

Action                     |  1- 3 |  4- 6 |  7- 9 | 10-12 || total
---------------------------+-------+-------+-------+-------++-------
  Melee: Mace              |    95 |       |       |       ||    95
         Dagger            |     9 |    74 |   114 |   254 ||   451
         Punch             |     1 |     1 |       |     5 ||     7
         Touch             |       |    10 |    26 |    47 ||    83
         War axe           |       |       |    29 |     8 ||    37
   Cast: Scorch            |       |    18 |    54 |    42 ||   114
    Use: Scroll            |       |       |     8 |     6 ||    14
         Potion            |       |       |       |     3 ||     3
 Armour: Robe              |    19 |     6 |       |       ||    25
         Animal skin       |       |    17 |    63 |    55 ||   135
  Dodge: Dodged            |    64 |    35 |   127 |   153 ||   379
  Block: Other             |       |       |    28 |    44 ||    72

Levels and vault maps discovered:
D:1:      co_arrival_square_in_a_square_in_a_square, layout_basic,
          shapermc_ecumenical_altar_hornbeckon, minmay_pentomino_r4
D:2:      layout_loops_ring
D:3:      layout_loops_corners, elyvilon_altar_5, dk_noncrumbling_3,
          kennysheep_potato, uniq_jessica
D:4:      layout_basic, serial_shops, shop_fountains,
          nicolae_elevator_lobby_plus, uniq_robin
D:5:      layout_basic, minmay_liquid_box, minmay_misc_feat_rows
D:6:      layout_basic
D:7:      gammafunk_the_bubble [the_bubble_gammafunk_plus_minus], layout_rooms,
          minmay_temple_entry_glassed_door
D:8:      layout_cave_pods, jmf_multi_god_temple, grunt_decor_cap,
          lightli_orcish_oven
D:9:      layout_roguey, uniq_harold
D:10:     layout_roguey, erik_lair_orcish_takeover, orc_david_3,
          gammafunk_ghost_nasty_kobolds, hex_medium, uniq_lodul
D:11:     layout_rooms, fedhas_bush_and_centaur_altar

Notes
Turn   | Place    | Note
-------+----------+-------------------------------------------
     0 | D:1      | sanka the Demonspawn Cinder Acolyte began the quest for the
                  | Orb.
     0 | D:1      | Reached XP level 1. HP: 18/18 MP: 2/2
   127 | D:1      | Reached skill level 3 in Fire Magic
   136 | D:1      | Gained mutation: You are partially covered in sharp spines.
                  | [demonic ancestry]
   136 | D:1      | Reached XP level 2. HP: 24/24 MP: 4/4
   744 | D:1      | Found a faded altar of an unknown god.
   831 | D:1      | Reached XP level 3. HP: 27/29 MP: 5/5
  1168 | D:2      | Learned a level 2 spell: Scorch
  1871 | D:3      | Reached skill level 2 in Spellcasting
  2229 | D:3      | Reached skill level 4 in Fire Magic
  2253 | D:3      | Noticed Jessica
  2254 | D:3      | Killed Jessica
  2255 | D:3      | Gained mutation: Your touch may inflict minor irresistible
                  | damage on your foes. [demonic ancestry]
  2255 | D:3      | Reached XP level 4. HP: 35/35 MP: 7/7
  2599 | D:4      | Noticed an ogre
  2612 | D:4      | Killed an ogre
  2613 | D:4      | Reached XP level 5. HP: 16/41 MP: 1/9
  2637 | D:4      | Reached skill level 3 in Spellcasting
  2637 | D:4      | Reached skill level 5 in Fire Magic
  2883 | D:4      | Noticed Robin
  2888 | D:4      | Killed Robin
  3102 | D:4      | Found Xuluiw's Armour Shoppe.
  3290 | D:4      | Reached XP level 6. HP: 47/47 MP: 10/10
  3342 | D:5      | Entered Level 5 of the Dungeon
  3580 | D:5      | Reached skill level 6 in Fire Magic
  3755 | D:5      | Reached skill level 4 in Fighting
  3980 | D:5      | Gained mutation: A meltable shield of frost defends you.
                  | (SH +4) [demonic ancestry]
  3980 | D:5      | Reached XP level 7. HP: 24/55 MP: 8/11
  4443 | D:5      | Reached skill level 5 in Fighting
  4900 | D:6      | Reached skill level 6 in Fighting
  5358 | D:6      | Reached skill level 7 in Fighting
  5358 | D:6      | Reached XP level 8. HP: 67/67 MP: 5/12
  5519 | D:7      | Found a transporter.
  5519 | D:7      | Noticed a hornet
  5535 | D:7      | Noticed a komodo dragon
  5556 | D:6      | Reached skill level 8 in Fighting
  5684 | D:7      | Noticed a two-headed ogre
  5690 | D:7      | Noticed a cyclops
  5890 | D:7      | Reached skill level 9 in Fighting
  6010 | D:7      | Found a staircase to the Ecumenical Temple.
  6066 | D:7      | Found a transporter.
  6167 | D:7      | Reached skill level 10 in Fighting
  6181 | D:7      | Reached skill level 1 in Short Blades
  6181 | D:7      | Reached skill level 1 in Dodging
  6181 | D:7      | Reached XP level 9. HP: 69/78 MP: 4/13
  6370 | D:7      | Reached skill level 2 in Dodging
  6383 | D:7      | Reached skill level 2 in Short Blades
  6630 | D:8      | Identified 2 scrolls of acquirement
  6677 | D:8      | Reached skill level 3 in Short Blades
  6677 | D:8      | Reached skill level 3 in Dodging
  6832 | D:8      | Acquired the ring of Vifuipy {Fly rPois rC+++ rN+ Stlth-}
  6834 | D:8      | Acquired 580 gold pieces
  6842 | D:8      | Identified the +8 war axe of Premature Burial {heavy, rElec
                  | rF+ Str-2 Dex+3}
  6903 | D:8      | You are sucked into a shaft and drop 2 floors!
  6903 | D:10     | Entered Level 10 of the Dungeon
  6922 | D:10     | Reached skill level 4 in Dodging
  7052 | D:9      | Noticed a troll
  7059 | D:9      | Killed a troll
  7060 | D:9      | Reached skill level 5 in Dodging
  7239 | D:8      | Found a radiant altar of Vehumet.
  7242 | D:8      | Reached skill level 6 in Dodging
  7454 | D:8      | Reached skill level 7 in Dodging
  7454 | D:8      | Gained mutation: A meltable icy envelope protects you from
                  | harm. (AC +4) [demonic ancestry]
  7454 | D:8      | Reached XP level 10. HP: 24/85 MP: 14/14
  7456 | D:8      | HP: 8/85 [yak (3)]
  8451 | D:9      | Reached skill level 8 in Dodging
  8556 | D:9      | Reached skill level 9 in Dodging
  8775 | D:9      | Noticed Harold
  8813 | D:9      | Killed Harold
  9100 | D:9      | Reached skill level 10 in Dodging
  9492 | D:10     | Reached skill level 4 in Short Blades
  9498 | D:10     | Got the Thoughts on Immolation
  9548 | D:10     | Identified the +1 cloak of Atheism {Harm Rampage}
  9801 | D:10     | Reached skill level 5 in Short Blades
  9855 | D:10     | Gained mutation: Your touch may inflict irresistible damage
                  | on your foes. [demonic ancestry]
  9855 | D:10     | Reached XP level 11. HP: 90/90 MP: 15/15
  9898 | D:10     | Found a staircase to the Orcish Mines.
  9922 | D:10     | Reached skill level 6 in Short Blades
  9940 | D:10     | Noticed Lodul
  9949 | D:10     | Killed Lodul
 10221 | D:10     | Found Xischez's Weapon Shop.
 10266 | D:10     | Reached skill level 7 in Short Blades
 10269 | D:10     | HP: 3/90 [orc priest/divine providence (9)]
 10753 | D:10     | Found a staircase to the Lair.
 10811 | D:10     | Found a runed translucent gate.
 10811 | D:10     | Found a runed translucent gate.
 10811 | D:10     | Found a runed translucent gate.
 10812 | D:10     | Noticed PigKeeper's ghost (journeyman TeFE)
 11066 | D:11     | Noticed a skeletal warrior
 11066 | D:11     | Noticed a skeletal warrior
 11066 | D:11     | Noticed a skeletal warrior
 11067 | D:11     | Noticed a skeletal warrior
 11067 | D:11     | Noticed a skeletal warrior
 11113 | D:10     | HP: 9/90 [skeletal warrior/+0 flail (6)]
 11114 | D:10     | HP: 1/90 [skeletal warrior/+0 flail (8)]
 11115 | D:10     | Slain by a skeletal warrior

Vanquished Creatures
  Harold (D:9)
  Lodul (D:10)
  A troll (D:9)
  A shadow (D:9)
  A wyvern (D:8)
  A wraith (D:9)
  16 yaks
  3 vampire mosquitoes (D:10)
  2 wargs
  An acid dragon (D:10)
  4 orc warriors
  A black bear (D:5)
  4 sky beasts
  3 ice beasts
  6 centaurs
  9 ogres
  A phantom (D:7)
  A kobold brigand (D:10)
  A gnoll sergeant (D:7)
  A bullfrog (D:6)
  4 scorpions
  14 wights
  6 killer bees (D:10)
  2 howler monkeys
  A gnoll bouda (D:6)
  2 jellies
  9 orc priests
  A hound (D:5)
  2 iguanas
  Jessica (D:3)
  8 orc wizards
  Robin (D:4)
  7 gnolls
  An adder (D:6)
  A shadow imp (D:7)
  A white imp (D:5)
  2 ufetubi (D:6)
  2 worms
  4 dart slugs
  33 orcs
  7 ball pythons
  5 bats
  6 endoplasms
  3 giant cockroaches
  9 goblins
  11 hobgoblins
  A jackal (D:3)
  13 kobolds
  6 quokkas
  8 rats
230 creatures vanquished.

Vanquished Creatures (others)
  3 fungi (D:10)
  A plant (D:10)
4 creatures vanquished.

Grand Total: 234 creatures vanquished
